AoeStats
← Mknolix

Arena

510744469Analyzed
4v4 RM · 2d ago on Oct 2, 2026· 54m 34s· 8 players
Game mode
Random Map
Map size
Large (8 player)
Population
200
Speed
Normal
Resources
Standard
Victory
Conquest
Starting age
Dark Age
Ending age
Imperial Age
RankedLock teamsTeams togetherTeam positionsShared explorationLock speedFull tech treeHidden civsTurbo modeCheats
Victory
Defeat
🇳🇴 Franks · Norway
1261
+16
🇨🇴 Jurchens · Colombia
1260
+16
🇦🇺 Sicilians · Australia
1258
+16
🇦🇷 Spanish · Argentina
1234
+18
🇯🇵 Britons · Japan
1284
-17
🇮🇳 Ethiopians · India
1281
-17
🇻🇳 Italians · Vietnam
1264
-16
🇻🇳 Slavs · Vietnam
1246
-16
ふぁいやー
10:47 Feudal Age
11:40 Double-Bit Axe
14:28 Castle Age
12:29 Gold Mining
12:25 Horse Collar
15:30 Bow Saw
15:27 Heavy Plow
21:35 Wheelbarrow
23:11 Loom
26:10 Imperial Age
24:23 Fletching
24:11 Crossbowman
25:17 Bodkin Arrow
25:04 Treadmill Crane
25:45 Ballistics
26:20 Padded Archer Armor
27:13 Bracer
26:36 Arbalester
28:20 Leather Archer Armor
28:18 Masonry
27:53 Arrowslits
29:15 Chemistry
28:02 Arrowslits
29:47 Squires
29:07 Pikeman
30:19 Ring Archer Armor
29:50 Scale Mail Armor
30:00 Forging
32:07 Hand Cart
32:15 Chain Mail Armor
32:47 Architecture
31:48 Capped Ram
34:33 Plate Mail Armor
34:38 Iron Casting
35:28 Siege Engineers
37:20 Murder Holes
37:49 Fortified Wall
43:43 Halberdier
48:25 Blast Furnace
51:02 Yeomen
51:03 Conscription
51:09 Conscription
50:20 Sappers
danganharmy
10:13 Feudal Age
14:10 Castle Age
12:35 Double-Bit Axe
13:21 Horse Collar
22:42 Wheelbarrow
22:55 Bow Saw
24:01 Heavy Plow
24:24 Loom
24:55 Hand Cart
24:26 Town Watch
29:29 Imperial Age
27:20 Gold Mining
28:39 Forging
28:29 Scale Mail Armor
27:50 Pikeman
28:31 Squires
29:50 Gold Shaft Mining
29:05 Stone Mining
30:37 Iron Casting
30:17 Chain Mail Armor
29:32 Halberdier
30:00 Capped Ram
31:00 Druzhina
32:49 Blast Furnace
33:06 Two-Man Saw
33:48 Plate Mail Armor
33:06 Siege Ram
35:29 Fortified Wall
36:24 Conscription
36:05 Fletching
37:12 Bodkin Arrow
39:38 Man-at-Arms
42:25 Long Swordsman
43:24 Masonry
43:20 Siege Engineers
43:47 Crop Rotation
44:02 Two-Handed Swordsman
45:06 Ballistics
44:47 Murder Holes
46:05 Hoardings
47:01 Champion
47:59 Heavy Scorpion
50:58 Chemistry
50:17 Elite Boyar
51:28 Scale Barding Armor
51:38 Light Cavalry
52:29 Bloodlines
52:19 Husbandry
52:29 Bloodlines
52:29 Hussar
53:18 Detinets
XxBuzzXx
10:40 Feudal Age
14:13 Castle Age
12:30 Double-Bit Axe
13:05 Horse Collar
18:36 Loom
23:57 Wheelbarrow
23:55 Heavy Plow
24:10 Bow Saw
28:43 Imperial Age
26:52 Scale Mail Armor
27:03 Forging
27:55 Chain Mail Armor
28:12 Hand Cart
28:48 Squires
29:26 Iron Casting
28:55 Arson
28:50 Halberdier
30:12 Conscription
30:25 Gold Mining
31:44 Plate Mail Armor
32:41 Chemistry
31:06 Heavy Scorpion
31:29 Capped Ram
33:24 Blast Furnace
32:48 Siege Ram
36:37 Fletching
37:20 Ballistics
37:11 Masonry
37:07 Siege Engineers
37:35 Torsion Engines
45:43 Fortified Wall
Tin's
8:44 Loom
10:37 Feudal Age
16:06 Castle Age
14:01 Double-Bit Axe
14:36 Stone Mining
17:25 Horse Collar
19:48 Wheelbarrow
21:44 Loom
25:23 Bow Saw
27:20 Gold Mining
27:38 Heavy Plow
28:19 Fletching
33:05 Imperial Age
31:19 Ballistics
30:40 Treadmill Crane
32:15 Bodkin Arrow
32:21 Padded Archer Armor
32:33 Masonry
32:16 Guard Tower
33:11 Stone Shaft Mining
33:06 Elite Skirmisher
34:53 Chemistry
34:44 Leather Archer Armor
35:24 Bracer
35:42 Masonry
36:56 Thumb Ring
38:50 Fortified Wall
39:17 Keep
38:28 Arrowslits
38:13 Pikeman
38:53 Squires
39:47 Scale Mail Armor
39:57 Forging
Jarp_33
9:33 Feudal Age
10:00 Double-Bit Axe
9:56 Horse Collar
12:22 Gold Mining
17:12 Castle Age
20:12 Bow Saw
22:21 Heavy Plow
23:24 Gold Shaft Mining
23:31 Wheelbarrow
28:14 Imperial Age
27:31 Scale Barding Armor
28:00 Padded Archer Armor
30:00 Chemistry
30:16 Hand Cart
31:29 Ballistics
31:27 Bloodlines
31:18 Husbandry
32:10 Conscription
32:26 Leather Archer Armor
34:52 Elite Steppe Lancer
38:33 Chain Barding Armor
38:44 Light Cavalry
40:09 Forging
40:34 Plate Barding Armor
39:25 Hussar
41:47 Iron Casting
44:58 Blast Furnace
Mknolix
10:48 Feudal Age
14:40 Castle Age
12:42 Loom
13:10 Double-Bit Axe
13:46 Horse Collar
16:09 Wheelbarrow
15:48 Bow Saw
20:38 Heavy Plow
30:18 Imperial Age
28:35 Gold Mining
28:35 Stone Mining
29:31 Bloodlines
29:22 Husbandry
29:28 Scale Barding Armor
29:34 Forging
29:42 Masonry
31:17 Chain Barding Armor
30:48 Cavalier
32:06 Iron Casting
33:02 Two-Man Saw
33:22 Two-Man Saw
34:15 Chemistry
34:08 Plate Barding Armor
36:18 Blast Furnace
34:48 Paladin
36:27 Architecture
39:53 Padded Archer Armor
42:21 Leather Archer Armor
43:36 Hand Cart
44:56 Ring Archer Armor
50:17 Coinage
Noob
10:09 Feudal Age
12:03 Loom
15:03 Castle Age
13:39 Double-Bit Axe
16:54 Bow Saw
23:55 Wheelbarrow
26:34 Hand Cart
29:19 Imperial Age
26:35 Town Watch
26:56 Scale Barding Armor
27:11 Gold Mining
28:55 Chain Barding Armor
29:39 Husbandry
29:54 Forging
29:21 Cavalier
30:38 Plate Barding Armor
30:14 Chivalry
30:35 Conscription
31:17 Ballistics
32:03 Iron Casting
30:52 Paladin
34:06 Blast Furnace
34:01 Gold Shaft Mining
33:30 Padded Archer Armor
34:47 Fletching
45:50 Light Cavalry
48:54 Scale Mail Armor
51:50 Chain Mail Armor
53:11 Plate Mail Armor
furkanonal2018
10:55 Feudal Age
11:54 Double-Bit Axe
11:50 Horse Collar
17:46 Castle Age
18:35 Heavy Plow
18:46 Bow Saw
20:08 Wheelbarrow
23:03 Gold Mining
25:01 Stone Mining
28:53 Imperial Age
27:01 Gold Shaft Mining
27:18 Fletching
28:46 Ballistics
28:22 Bodkin Arrow
28:28 Padded Archer Armor
28:48 Elite Skirmisher
29:45 Cranequins
29:46 Heavy Mounted Crossbowman
31:30 Chemistry
31:04 Loom
31:33 Bracer
32:31 Bloodlines
32:52 Leather Archer Armor
33:13 Arrowslits
33:49 Masonry
39:16 Forging
39:06 Scale Mail Armor
42:52 Hand Cart
46:58 Stone Shaft Mining
47:16 Coinage
49:06 Banking
48:22 Capped Ram
49:12 Siege Ram
51:23 Caravan
Connection lost

Rejoining the realm…

Still unreachable

The connection could not be restored.

Session expired

The server has moved on; the page needs a fresh start.